[Event "FICS rated blitz game"]
[Site "FICS freechess.org"]
[FICSGamesDBGameNo "20002383"]
[White "Thoram"]
[Black "TheDane"]
[WhiteElo "1653"]
[BlackElo "1533"]
[WhiteRD "na"]
[BlackRD "na"]
[TimeControl "180+0"]
[Date "1999.10.07"]
[Time "15:43:00"]
[WhiteClock "0:03:00.000"]
[BlackClock "0:03:00.000"]
[ECO "D02"]
[PlyCount "57"]
[Result "1-0"]

1. d4 d5 2. Nf3 Nc6 3. g3 Bg4 4. Bg2 Qd7 5. h4 Nf6 6. c3 g6 7. Nbd2 Bg7 8. Qa4 O-O 9. O-O Bh3 10. Re1 Bxg2 11. Kxg2 Nh5 12. e4 dxe4 13. Nxe4 f5 14. Nc5 Qc8 15. Ne6 Rf6 16. Nxg7 Nxg7 17. Bg5 Re6 18. Qc4 Qd7 19. Bh6 a6 20. Bxg7 b5 21. Qxe6+ Qxe6 22. Rxe6 Nd8 23. Rxe7 Nc6 24. Rxc7 Nd8 25. Re1 Nf7 26. Bf6 Rd8 27. Ree7 Rf8 28. Ng5 Nxg5 29. Bxg5 {Black resigns} 1-0

[Event "FICS rated blitz game"]
[Site "FICS freechess.org"]
[FICSGamesDBGameNo "20002382"]
[White "nescio"]
[Black "Danci"]
[WhiteElo "1998"]
[BlackElo "1898"]
[WhiteRD "na"]
[BlackRD "na"]
[TimeControl "300+0"]
[Date "1999.10.07"]
[Time "14:54:00"]
[WhiteClock "0:05:00.000"]
[BlackClock "0:05:00.000"]
[ECO "D24"]
[PlyCount "130"]
[Result "1-0"]

1. d4 d5 2. c4 dxc4 3. Nf3 e6 4. Nc3 Nf6 5. e4 Bb4 6. e5 Nd5 7. Qc2 c5 8. dxc5 Nc6 9. Bxc4 Nxc3 10. bxc3 Bxc5 11. O-O O-O 12. Bd3 g6 13. Bh6 Re8 14. Rfe1 Bf8 15. Bxf8 Rxf8 16. Rad1 Qc7 17. Qe2 b6 18. Qe3 Kg7 19. Ng5 Bb7 20. f4 Ne7 21. Ne4 Nf5 22. Qf2 Rac8 23. Nf6 Qc5 24. Bxf5 Qxf2+ 25. Kxf2 exf5 26. Rd7 Be4 27. Nxe4 fxe4 28. Rxe4 Rxc3 29. Rxa7 Rfc8 30. h3 R8c7 31. Rxc7 Rxc7 32. Rb4 Rc2+ 33. Kg3 Rxa2 34. Rxb6 Ra7 35. Kh4 Re7 36. g4 h6 37. Kg3 Rc7 38. Rb3 Re7 39. Rb6 Rc7 40. e6 fxe6 41. Rxe6 Rf7 42. Ra6 Rc7 43. Kh4 Rd7 44. Ra5 Rf7 45. f5 gxf5 46. Rxf5 Rxf5 47. gxf5 Kf6 48. Kg4 Kg7 49. Kf3 Kf7 50. Ke4 Kf6 51. Kf4 Kf7 52. Ke5 Ke7 53. f6+ Kf7 54. Kf5 h5 55. h4 Kf8 56. Kg6 Kg8 57. Kxh5 Kf7 58. Kg5 Kf8 59. Kf4 Kf7 60. Kf5 Kf8 61. Kg6 Kg8 62. h5 Kh8 63. h6 Kg8 64. f7+ Kf8 65. h7 Ke7 {Black resigns} 1-0

[Event "FICS rated blitz game"]
[Site "FICS freechess.org"]
[FICSGamesDBGameNo "20002381"]
[White "Ramsed"]
[Black "Radames"]
[WhiteElo "1773"]
[BlackElo "1795"]
[WhiteRD "na"]
[BlackRD "na"]
[TimeControl "180+0"]
[Date "1999.10.07"]
[Time "13:46:00"]
[WhiteClock "0:03:00.000"]
[BlackClock "0:03:00.000"]
[ECO "C01"]
[PlyCount "110"]
[Result "1/2-1/2"]

1. e4 e6 2. d4 d5 3. exd5 exd5 4. Bd3 Bd6 5. Nf3 Nf6 6. O-O O-O 7. Re1 Bg4 8. h3 Bh5 9. Bg5 Nbd7 10. c3 c6 11. Nbd2 Qc7 12. Qc2 Bg6 13. Bxg6 hxg6 14. Re2 Rfe8 15. Rae1 Rxe2 16. Rxe2 Re8 17. Rxe8+ Nxe8 18. Qd3 Ndf6 19. Qe3 Qe7 20. Qxe7 Bxe7 21. Ne5 Nd6 22. f3 Bf8 23. Kf2 Nh5 24. Nd7 f6 25. Nxf8 Kxf8 26. Be3 f5 27. Nb3 b6 28. g4 Nf6 29. Bf4 Nc4 30. Bc1 Ke7 31. Nd2 Nxd2 32. Bxd2 Ne8 33. f4 Nd6 34. Ke3 Ne4 35. b3 a5 36. c4 Kd6 37. a3 Nxd2 38. Kxd2 b5 39. c5+ Ke6 40. Ke2 Kf6 41. Kf2 Ke6 42. Kg3 fxg4 43. hxg4 g5 44. fxg5 g6 45. Kf4 Kd7 46. Ke5 Ke7 47. Kf4 Kf7 48. Kf3 Ke6 49. Ke3 Kf7 50. Kf4 Ke6 51. b4 axb4 52. axb4 Kf7 53. Ke3 Ke6 54. Kf4 Kf7 55. Ke3 Ke7 {Game drawn by mutual agreement} 1/2-1/2

[Event "FICS rated blitz game"]
[Site "FICS freechess.org"]
[FICSGamesDBGameNo "20002380"]
[White "kirki"]
[Black "SubConMan"]
[WhiteElo "1720"]
[BlackElo "1249"]
[WhiteRD "na"]
[BlackRD "na"]
[TimeControl "720+0"]
[Date "1999.10.07"]
[Time "13:07:00"]
[WhiteClock "0:12:00.000"]
[BlackClock "0:12:00.000"]
[ECO "C50"]
[PlyCount "47"]
[Result "0-1"]

1. e4 e5 2. Nf3 Nc6 3. Nc3 Bc5 4. Bc4 Nf6 5. Ng5 O-O 6. d4 Bxd4 7. Nxf7 Qe7 8. Ne2 Bxf2+ 9. Kxf2 Nxe4+ 10. Ke1 d6 11. Qd5 Nf6 12. Qf3 Be6 13. Bxe6 Qxe6 14. Nh6+ gxh6 15. Bxh6 Rf7 16. Ng3 Nd4 17. Qd3 Ng4 18. Rf1 Rxf1+ 19. Kd2 Qxh6+ 20. Kc3 Rxa1 21. Nf5 Qe6 22. h3 Nf6 23. Nh6+ Kf8 24. Qg6 {White resigns} 0-1

[Event "FICS rated lightning game"]
[Site "FICS freechess.org"]
[FICSGamesDBGameNo "20002379"]
[White "CarrascoJr"]
[Black "ovf"]
[WhiteElo "1535"]
[BlackElo "1581"]
[WhiteRD "na"]
[BlackRD "na"]
[TimeControl "120+1"]
[Date "1999.10.07"]
[Time "13:02:00"]
[WhiteClock "0:02:00.000"]
[BlackClock "0:02:00.000"]
[ECO "A06"]
[PlyCount "80"]
[Result "0-1"]

1. Nf3 d5 2. b3 Bf5 3. Bb2 Nf6 4. e3 e6 5. Be2 Bd6 6. O-O O-O 7. d4 c5 8. c4 Nc6 9. Nc3 cxd4 10. Nxd4 Nxd4 11. Qxd4 Qc7 12. h3 a6 13. Rab1 Bxb1 14. Rxb1 Rad8 15. Qh4 dxc4 16. Bxc4 Be5 17. Rc1 Rd2 18. Ba1 Rfd8 19. Ne4 Rd1+ 20. Rxd1 Rxd1+ 21. Bf1 Rxa1 22. Nxf6+ Bxf6 23. Qe4 Qc1 24. Qd3 Qd1 25. Qc4 Rc1 26. Qf4 Qxf1+ 27. Kh2 h6 28. Qb8+ Kh7 29. Qxb7 Qxf2 30. Qe4+ Qf5 31. Qa8 Rc2 32. Qf3 Be5+ 33. Kg1 Qxf3 34. gxf3 Rxa2 35. f4 Bd6 36. Kf1 Rb2 37. b4 Rxb4 38. Ke2 Rb3 39. Kf3 Bc5 40. Ke4 Rxe3# {White checkmated} 0-1

[Event "FICS rated blitz game"]
[Site "FICS freechess.org"]
[FICSGamesDBGameNo "20002378"]
[White "Tiberius"]
[Black "goldrake"]
[WhiteElo "1736"]
[BlackElo "1725"]
[WhiteRD "na"]
[BlackRD "na"]
[TimeControl "180+0"]
[Date "1999.10.07"]
[Time "12:41:00"]
[WhiteClock "0:03:00.000"]
[BlackClock "0:03:00.000"]
[ECO "C61"]
[PlyCount "86"]
[Result "0-1"]

1. e4 e5 2. Nf3 Nc6 3. Bb5 Nd4 4. Nxd4 exd4 5. O-O c6 6. Bc4 Nf6 7. d3 d6 8. Bg5 Be7 9. Re1 O-O 10. f4 Bg4 11. Qd2 h6 12. Bh4 Nxe4 13. Bxe7 Nxd2 14. Bxd8 Nxc4 15. dxc4 Raxd8 16. Re7 Rd7 17. Rxd7 Bxd7 18. Nd2 Re8 19. Kf2 c5 20. a3 f5 21. b4 Kf7 22. Rb1 b6 23. Nf3 Kf6 24. h4 Bc6 25. b5 Bxf3 26. Kxf3 Re3+ 27. Kf2 Rxa3 28. g3 Rc3 29. Ra1 Rxc2+ 30. Kf3 Rxc4 31. Rxa7 Rb4 32. Rd7 Rxb5 33. Rxd6+ Ke7 34. Rg6 Kf7 35. Rc6 Rb3+ 36. Ke2 Rxg3 37. Rxb6 Rg4 38. Rc6 Rxf4 39. Rxc5 Rxh4 40. Rxf5+ Ke6 41. Rf3 Re4+ 42. Kf2 g5 43. Rd3 Ke5 {White resigns} 0-1

[Event "FICS rated blitz game"]
[Site "FICS freechess.org"]
[FICSGamesDBGameNo "20002377"]
[White "psychotic"]
[Black "ArturoToscanini"]
[WhiteElo "1504"]
[BlackElo "1664"]
[WhiteRD "na"]
[BlackRD "na"]
[TimeControl "120+12"]
[Date "1999.10.07"]
[Time "10:17:00"]
[WhiteClock "0:02:00.000"]
[BlackClock "0:02:00.000"]
[ECO "C01"]
[PlyCount "32"]
[Result "0-1"]

1. e4 e6 2. d4 d5 3. exd5 exd5 4. Nf3 Nf6 5. Nc3 c6 6. Bg5 Bd6 7. Bxf6 Qxf6 8. Qd3 O-O 9. O-O-O b5 10. a3 a5 11. h4 b4 12. Na2 Bf5 13. Qd2 bxa3 14. bxa3 Bxa3+ 15. Kb1 c5 16. dxc5 Qb2# {White checkmated} 0-1

[Event "FICS rated blitz game"]
[Site "FICS freechess.org"]
[FICSGamesDBGameNo "20002376"]
[White "Qualm"]
[Black "stoneeybridge"]
[WhiteElo "1347"]
[BlackElo "1343"]
[WhiteRD "na"]
[BlackRD "na"]
[TimeControl "120+12"]
[Date "1999.10.07"]
[Time "10:15:00"]
[WhiteClock "0:02:00.000"]
[BlackClock "0:02:00.000"]
[ECO "C42"]
[PlyCount "107"]
[Result "1-0"]

1. e4 e5 2. Nf3 Nf6 3. Nxe5 d6 4. Nf3 Nxe4 5. Qe2 Qe7 6. Nc3 Nxc3 7. dxc3 Bg4 8. Qxe7+ Bxe7 9. Be2 O-O 10. Be3 Nc6 11. O-O-O a5 12. h3 Bh5 13. Nd4 Bxe2 14. Nxe2 a4 15. Rhe1 Ne5 16. Nd4 Nc4 17. Nf5 Bf6 18. Bd4 Bg5+ 19. Kb1 g6 20. Ne7+ Bxe7 21. Rxe7 a3 22. b3 Ne5 23. Rxc7 Rab8 24. Bxe5 dxe5 25. Rdd7 Rfc8 26. Rxb7 Rxb7 27. Rxb7 Rxc3 28. Ra7 Rc6 29. Rxa3 Rd6 30. Kc1 e4 31. c4 f5 32. c5 Rc6 33. b4 Kf7 34. Kd2 Ke6 35. Ke3 g5 36. Rc3 Ke5 37. a4 f4+ 38. Ke2 Kd5 39. b5 Rxc5 40. Rxc5+ Kxc5 41. g3 Kb6 42. gxf4 gxf4 43. h4 Ka5 44. Kd2 Kb6 45. Kc3 Kc5 46. b6 Kxb6 47. Kd4 Ka5 48. Kxe4 Kxa4 49. Kxf4 Kb5 50. Ke5 Kc6 51. Ke6 Kc5 52. f4 Kc6 53. f5 Kc7 54. Ke7 {Black resigns} 1-0

[Event "FICS rated blitz game"]
[Site "FICS freechess.org"]
[FICSGamesDBGameNo "20002375"]
[White "marcs"]
[Black "Marsel"]
[WhiteElo "1489"]
[BlackElo "1521"]
[WhiteRD "na"]
[BlackRD "na"]
[TimeControl "300+0"]
[Date "1999.10.07"]
[Time "10:05:00"]
[WhiteClock "0:05:00.000"]
[BlackClock "0:05:00.000"]
[ECO "A03"]
[PlyCount "95"]
[Result "0-1"]

1. f4 Nf6 2. Nf3 d5 3. e3 Bg4 4. Be2 e6 5. O-O Bc5 6. d4 Bb6 7. a4 O-O 8. c4 a6 9. Nc3 c5 10. dxc5 Bxc5 11. Nd4 Bxe2 12. Qxe2 Nc6 13. Nf3 Qc7 14. cxd5 exd5 15. Kh1 d4 16. exd4 Nxd4 17. Nxd4 Bxd4 18. Ne4 Nxe4 19. Qxe4 Bf6 20. Ra3 Rfe8 21. Qf5 Re7 22. Rh3 h6 23. b3 Rae8 24. Bd2 Qd6 25. Ba5 Re1 26. Bxe1 Qd1 27. Qa5 Rxe1 28. Rxe1 Qg4 29. Rg3 Qxf4 30. Qd5 Bc3 31. Re8+ Kh7 32. Qd3+ g6 33. h3 Qc1+ 34. Kh2 Qf4 35. Re4 Qc7 36. Qc4 Be5 37. Qxc7 Bxc7 38. h4 Kg7 39. Kh3 Bxg3 40. Kxg3 Kf6 41. Kf4 g5+ 42. hxg5+ hxg5+ 43. Kg4 Kg6 44. Rc4 f5+ 45. Kf3 g4+ 46. Kf4 Kf6 47. Rc7 Ke6 48. Rxb7 {White forfeits on time} 0-1

[Event "FICS rated blitz game"]
[Site "FICS freechess.org"]
[FICSGamesDBGameNo "20002374"]
[White "poison"]
[Black "QueenDream"]
[WhiteElo "1565"]
[BlackElo "1694"]
[WhiteRD "na"]
[BlackRD "na"]
[TimeControl "180+0"]
[Date "1999.10.07"]
[Time "08:45:00"]
[WhiteClock "0:03:00.000"]
[BlackClock "0:03:00.000"]
[ECO "A00"]
[PlyCount "106"]
[Result "0-1"]

1. e4 d5 2. Nc3 d4 3. Nd5 c6 4. Nf4 e5 5. Nfe2 d3 6. cxd3 Qxd3 7. Ng3 Qd8 8. Nf3 Bg4 9. h3 Bxf3 10. Qxf3 Nf6 11. Bc4 Nbd7 12. a3 Nb6 13. Ba2 Bc5 14. O-O O-O 15. Nf5 Ne8 16. Qg4 Qf6 17. d3 g6 18. Ng3 Ng7 19. Bg5 Qe6 20. Qxe6 Nxe6 21. Bh6 Rfd8 22. Bxe6 fxe6 23. Ne2 Rxd3 24. Nc3 Rad8 25. Rfd1 Nc4 26. Rxd3 Rxd3 27. Na4 Bd4 28. Rc1 Nxb2 29. Nxb2 Bxb2 30. Rb1 Rb3 31. Bc1 b6 32. Rxb2 Rxa3 33. Rc2 Ra4 34. Rxc6 Rxe4 35. Kf1 Rd4 36. Bh6 Rd7 37. Rc8+ Kf7 38. Rh8 Kf6 39. h4 e4 40. Bf4 Kg7 41. Be5+ Kh6 42. g4 g5 43. h5 b5 44. Rf8 b4 45. Rf6+ Kg7 46. Rxe6+ Kf7 47. Ra6 Rd1+ 48. Ke2 Rd7 49. Rf6+ Ke8 50. Kf1 Kd8 51. Kg2 Kc8 52. Rd6 Rd8 53. Kg3 Kb7 {White forfeits on time} 0-1

[Event "FICS rated blitz game"]
[Site "FICS freechess.org"]
[FICSGamesDBGameNo "20002373"]
[White "PLV"]
[Black "pskerlj"]
[WhiteElo "1510"]
[BlackElo "1615"]
[WhiteRD "na"]
[BlackRD "na"]
[TimeControl "180+0"]
[Date "1999.10.07"]
[Time "08:34:00"]
[WhiteClock "0:03:00.000"]
[BlackClock "0:03:00.000"]
[ECO "A20"]
[PlyCount "113"]
[Result "1-0"]

1. c4 e5 2. g3 Nc6 3. Bg2 d6 4. e3 f5 5. Ne2 Nf6 6. b3 Be7 7. Bb2 O-O 8. O-O Be6 9. d4 exd4 10. exd4 Bf7 11. d5 Ne5 12. Nf4 Qd7 13. Re1 g5 14. Nd3 Nxd3 15. Qxd3 Bg6 16. Qe2 Rae8 17. Nd2 Ng4 18. Qf1 Bf6 19. Rxe8 Rxe8 20. Bxf6 Nxf6 21. f4 g4 22. Re1 Rxe1 23. Qxe1 Qe8 24. Qxe8+ Bxe8 25. Nf1 Bg6 26. Ne3 Kf7 27. Kf2 h5 28. Ke1 Nd7 29. Bf1 Nc5 30. Be2 Ne4 31. Bd3 Nc5 32. Bxf5 Bxf5 33. Nxf5 Kg6 34. Ne7+ Kf7 35. Nc8 a6 36. Kd2 Ne4+ 37. Ke3 Nc3 38. a4 Kf6 39. Kd3 Nd1 40. Kd2 Nf2 41. Ke2 Ne4 42. Ke3 Nc3 43. Kd3 Nd1 44. Kd2 Nf2 45. b4 Ne4+ 46. Ke3 Nc3 47. a5 Na2 48. b5 axb5 49. cxb5 Nc3 50. b6 cxb6 51. Kd4 Ne2+ 52. Ke3 Nc1 53. Nxb6 Nb3 54. Nc8 Nc5 55. Nxd6 Ke7 56. Nxb7 Kd7 57. Kd4 {Black forfeits on time} 1-0

[Event "FICS rated blitz game"]
[Site "FICS freechess.org"]
[FICSGamesDBGameNo "20002372"]
[White "Itzik"]
[Black "amoro"]
[WhiteElo "1468"]
[BlackElo "1431"]
[WhiteRD "na"]
[BlackRD "na"]
[TimeControl "120+12"]
[Date "1999.10.07"]
[Time "08:19:00"]
[WhiteClock "0:02:00.000"]
[BlackClock "0:02:00.000"]
[ECO "D26"]
[PlyCount "47"]
[Result "1-0"]

1. d4 d5 2. c4 dxc4 3. Nf3 Nf6 4. e3 e6 5. Bxc4 c5 6. O-O Be7 7. Qe2 b6 8. Rd1 Qc7 9. dxc5 Bxc5 10. Bb5+ Bd7 11. Nc3 Nc6 12. a3 Rd8 13. b4 Be7 14. Bb2 Bc8 15. Rxd8+ Bxd8 16. Rd1 Bd7 17. Qd3 Ke7 18. Ne4 Nxe4 19. Qxe4 Rg8 20. Ne5 Nxe5 21. Bxe5 Qc8 22. Rxd7+ Kf8 23. Bd6+ Be7 24. Bxe7+ {Black resigns} 1-0

[Event "FICS rated blitz game"]
[Site "FICS freechess.org"]
[FICSGamesDBGameNo "20002371"]
[White "Enrico"]
[Black "maybe"]
[WhiteElo "1397"]
[BlackElo "1491"]
[WhiteRD "na"]
[BlackRD "na"]
[TimeControl "180+0"]
[Date "1999.10.07"]
[Time "07:55:00"]
[WhiteClock "0:03:00.000"]
[BlackClock "0:03:00.000"]
[ECO "B09"]
[PlyCount "74"]
[Result "0-1"]

1. e4 d6 2. d4 Nf6 3. Nc3 g6 4. f4 Bg7 5. Nf3 Bg4 6. Be3 O-O 7. Be2 Nc6 8. Qd2 e6 9. O-O-O Nd7 10. d5 exd5 11. exd5 Ne7 12. h3 Bxf3 13. Bxf3 Nf5 14. Bf2 Re8 15. g4 Ne7 16. h4 f5 17. g5 Nb6 18. h5 Nec8 19. hxg6 hxg6 20. Bd4 Re7 21. Bxg7 Rxg7 22. Qh2 Kf7 23. Rde1 Ne7 24. Qh6 Qd7 25. Re6 Rag8 26. Rhe1 Qd8 27. Rxe7+ Qxe7 28. Rxe7+ Kxe7 29. Qh1 Kf7 30. Nb5 Kf8 31. Nxc7 Rxc7 32. Qe1 Rcg7 33. Qe6 Re7 34. Qf6+ Rf7 35. Qd8+ Kg7 36. Qxd6 Rd7 37. Qf6+ Kh7 {White forfeits on time} 0-1

[Event "FICS rated blitz game"]
[Site "FICS freechess.org"]
[FICSGamesDBGameNo "20002370"]
[White "MagnusStromgren"]
[Black "PLV"]
[WhiteElo "1564"]
[BlackElo "1545"]
[WhiteRD "na"]
[BlackRD "na"]
[TimeControl "180+0"]
[Date "1999.10.07"]
[Time "06:35:00"]
[WhiteClock "0:03:00.000"]
[BlackClock "0:03:00.000"]
[ECO "A60"]
[PlyCount "89"]
[Result "1-0"]

1. d4 c5 2. d5 e6 3. c4 Nf6 4. Nc3 b6 5. e4 Bb7 6. e5 Ng8 7. Nf3 d6 8. Be2 exd5 9. Nxd5 dxe5 10. Nxe5 Bxd5 11. cxd5 Bd6 12. Bb5+ Kf8 13. Nd7+ Nxd7 14. O-O Ne5 15. f4 Ng6 16. Bc6 Rc8 17. Qa4 Nxf4 18. Bxf4 Bxf4 19. Rxf4 Ne7 20. Qxa7 Rc7 21. Qxb6 g6 22. Raf1 Nc8 23. Rxf7+ Kg8 24. Rxc7 h5 25. Rg7+ Kxg7 26. Qb7+ Qe7 27. Qxe7+ Nxe7 28. Bb7 Rf8 29. Re1 Nf5 30. g3 Rf7 31. Bc6 Ne7 32. a4 Nxc6 33. dxc6 Rc7 34. Re6 Kf7 35. Rd6 Ke7 36. Rxg6 Kf7 37. Rh6 Kg7 38. Rxh5 Rxc6 39. a5 c4 40. Rg5+ Kf6 41. Rd5 Ke6 42. Rb5 c3 43. Rb6 Rxb6 44. axb6 cxb2 45. b7 {Black forfeits on time} 1-0

[Event "FICS rated blitz game"]
[Site "FICS freechess.org"]
[FICSGamesDBGameNo "20002369"]
[White "Vladslav"]
[Black "Pilia"]
[WhiteElo "1354"]
[BlackElo "1370"]
[WhiteRD "na"]
[BlackRD "na"]
[TimeControl "300+12"]
[Date "1999.10.07"]
[Time "06:35:00"]
[WhiteClock "0:05:00.000"]
[BlackClock "0:05:00.000"]
[ECO "C44"]
[PlyCount "80"]
[Result "1-0"]

1. e4 e5 2. Nf3 Nc6 3. d4 exd4 4. Bc4 Bb4+ 5. c3 dxc3 6. O-O h6 7. a3 cxb2 8. Bxb2 Bf8 9. Nc3 d6 10. Nd5 Be6 11. Re1 Qd7 12. e5 O-O-O 13. exd6 Qxd6 14. Ne5 f6 15. Ng6 Rh7 16. Nxf8 Rxf8 17. Nb6+ axb6 18. Rxe6 Qxd1+ 19. Rxd1 Rd8 20. Rde1 Nge7 21. Rxe7 Nxe7 22. Rxe7 Rd1+ 23. Bf1 Rh8 24. g3 Rhd8 25. Rxg7 Rb1 26. Bxf6 Rf8 27. Bh4 Re8 28. Kg2 Rb3 29. a4 c5 30. Bb5 Rf8 31. Be7 Rh8 32. Bd6 Rc3 33. Be5 Rc2 34. Rc7+ Kd8 35. Rd7+ Kc8 36. Bxh8 c4 37. Bf6 c3 38. Rd3 Rd2 39. Rxd2 cxd2 40. Be2 Kd7 {Black resigns} 1-0

[Event "FICS rated lightning game"]
[Site "FICS freechess.org"]
[FICSGamesDBGameNo "20002368"]
[White "AVA"]
[Black "psychotic"]
[WhiteElo "1624"]
[BlackElo "1501"]
[WhiteRD "na"]
[BlackRD "na"]
[TimeControl "120+1"]
[Date "1999.10.07"]
[Time "05:27:00"]
[WhiteClock "0:02:00.000"]
[BlackClock "0:02:00.000"]
[ECO "C68"]
[PlyCount "160"]
[Result "0-1"]

1. e4 e5 2. Nf3 Nc6 3. Bb5 a6 4. Bxc6 dxc6 5. O-O Bd6 6. d4 exd4 7. Qxd4 Qf6 8. Qxf6 Nxf6 9. Re1 Bc5 10. h3 Be6 11. Bg5 Nd7 12. Nc3 f6 13. Bf4 O-O-O 14. Rad1 g5 15. Be3 g4 16. Bxc5 Nxc5 17. hxg4 Bxg4 18. Rxd8+ Rxd8 19. b4 Ne6 20. Re3 Bxf3 21. Rxf3 Rf8 22. Rh3 Rf7 23. g3 Ng5 24. Rh6 Nf3+ 25. Kf1 Nd4 26. f4 Nxc2 27. Ke2 Nxb4 28. a3 Nc2 29. Nb1 Nd4+ 30. Kd3 Ne6 31. Nc3 Nc5+ 32. Ke3 b6 33. g4 Kd7 34. Ne2 a5 35. Nd4 Kd6 36. Nf5+ Kd7 37. e5 fxe5 38. fxe5 Ne6 39. Nd4 Nxd4 40. Kxd4 Rg7 41. Rh4 Ke6 42. Ke4 c5 43. Rh6+ Ke7 44. Kf5 c6 45. Re6+ Kd7 46. Rd6+ Kc7 47. Rf6 c4 48. e6 Re7 49. Rf7 Kd6 50. Rxe7 Kxe7 51. Ke4 b5 52. Kd4 Kxe6 53. a4 b4 54. Kxc4 c5 55. g5 Kf5 56. Kxc5 b3 57. Kb5 b2 58. Kxa5 b1=Q 59. Ka6 Kxg5 60. a5 h6 61. Ka7 h5 62. a6 Qa2 63. Kb7 Qc4 64. a7 Qd5+ 65. Kb8 h4 66. a8=Q Qxa8+ 67. Kxa8 h3 68. Kb7 h2 69. Kb6 h1=Q 70. Kc5 Qe4 71. Kd6 Kf5 72. Kc5 Ke5 73. Kb5 Qd4 74. Kc6 Qd5+ 75. Kb6 Kd6 76. Ka6 Qc5 77. Kb7 Kd7 78. Ka6 Qb4 79. Ka7 Kc7 80. Ka6 Qb6# {White checkmated} 0-1

[Event "FICS rated blitz game"]
[Site "FICS freechess.org"]
[FICSGamesDBGameNo "20002366"]
[White "Penseroso"]
[Black "paraplan"]
[WhiteElo "1385"]
[BlackElo "1719"]
[WhiteRD "na"]
[BlackRD "na"]
[TimeControl "360+12"]
[Date "1999.10.07"]
[Time "03:20:00"]
[WhiteClock "0:06:00.000"]
[BlackClock "0:06:00.000"]
[ECO "A15"]
[PlyCount "66"]
[Result "0-1"]

1. c4 Nf6 2. Nf3 g6 3. d3 Bg7 4. Nc3 d5 5. cxd5 Nxd5 6. Bd2 c6 7. e3 Qb6 8. Rb1 Be6 9. a3 O-O 10. Be2 Qa5 11. d4 Nxc3 12. Bxc3 Qc7 13. O-O Nd7 14. Nd2 Nf6 15. Bc4 Bf5 16. f3 Bxb1 17. Qxb1 Nd5 18. e4 Nxc3 19. bxc3 c5 20. Qb2 cxd4 21. cxd4 Qd7 22. Nb3 b5 23. Be2 a5 24. Rd1 Rfd8 25. Nc5 Qxd4+ 26. Rxd4 Bxd4+ 27. Qxd4 Rxd4 28. Bxb5 Rd1+ 29. Kf2 Rc8 30. Nb7 Rc2+ 31. Kg3 Rdd2 32. Bf1 a4 33. Nd8 Rxd8 {White resigns} 0-1

[Event "FICS rated blitz game"]
[Site "FICS freechess.org"]
[FICSGamesDBGameNo "20002365"]
[White "Crashed"]
[Black "zmike"]
[WhiteElo "1342"]
[BlackElo "1356"]
[WhiteRD "na"]
[BlackRD "na"]
[TimeControl "180+0"]
[Date "1999.10.06"]
[Time "23:07:00"]
[WhiteClock "0:03:00.000"]
[BlackClock "0:03:00.000"]
[ECO "B22"]
[PlyCount "49"]
[Result "0-1"]

1. e4 c5 2. Nf3 Nc6 3. c3 d6 4. d4 cxd4 5. cxd4 Bg4 6. Be2 Nf6 7. Nc3 e6 8. O-O h6 9. h3 Bh5 10. Nh2 Bxe2 11. Qxe2 Nxd4 12. Qd3 e5 13. f4 Qc8 14. fxe5 dxe5 15. Ng4 Nxg4 16. hxg4 Bc5 17. Kh1 Qxg4 18. Be3 Qh4+ 19. Kg1 Rd8 20. Nd5 O-O 21. Rac1 b6 22. Qd1 Rd6 23. Bf2 Qg4 24. Qxg4 Rg6 25. Qe2 {White forfeits on time} 0-1

[Event "FICS rated standard game"]
[Site "FICS freechess.org"]
[FICSGamesDBGameNo "20002364"]
[White "Adran"]
[Black "Hisaw"]
[WhiteElo "1919"]
[BlackElo "1788"]
[WhiteRD "na"]
[BlackRD "na"]
[TimeControl "900+0"]
[Date "1999.10.06"]
[Time "21:28:00"]
[WhiteClock "0:15:00.000"]
[BlackClock "0:15:00.000"]
[ECO "A80"]
[PlyCount "103"]
[Result "1-0"]

1. d4 f5 2. Bg5 c6 3. e3 Qb6 4. Qc1 d6 5. Nf3 Nd7 6. Bd3 g6 7. Nbd2 e5 8. Nc4 Qc7 9. Nfd2 e4 10. Be2 d5 11. Bf4 Qd8 12. Ne5 Bg7 13. Nxd7 Bxd7 14. c3 Nf6 15. Nb3 O-O 16. Nc5 Qc8 17. O-O b6 18. Ba6 Qe8 19. Nb3 Nh5 20. Bd6 Rf7 21. Be2 Nf6 22. a4 Qe6 23. Bg3 Rff8 24. a5 h6 25. c4 g5 26. cxd5 cxd5 27. axb6 axb6 28. Qc7 Qc6 29. h3 Rxa1 30. Rxa1 Rc8 31. Qxc6 Bxc6 32. Rc1 Bb7 33. Bc7 Nd7 34. Bb5 Nb8 35. Bxb6 Rxc1+ 36. Nxc1 Bc6 37. Bxc6 Nxc6 38. Nb3 Bf8 39. Bc5 Bxc5 40. Nxc5 Kf7 41. Kf1 Ke7 42. Ke2 Kd6 43. Kd2 Kc7 44. Kc3 Kb6 45. Nd7+ Kb5 46. Nf6 Ne7 47. g4 f4 48. Nd7 fxe3 49. fxe3 Nc6 50. Nf6 Ne7 51. Ne8 Nc6 52. Nd6+ {Black resigns} 1-0

[Event "FICS rated blitz game"]
[Site "FICS freechess.org"]
[FICSGamesDBGameNo "20002363"]
[White "GreyKnight"]
[Black "harryrao"]
[WhiteElo "1209"]
[BlackElo "1473"]
[WhiteRD "na"]
[BlackRD "na"]
[TimeControl "120+12"]
[Date "1999.10.06"]
[Time "21:24:00"]
[WhiteClock "0:02:00.000"]
[BlackClock "0:02:00.000"]
[ECO "C58"]
[PlyCount "58"]
[Result "0-1"]

1. e4 e5 2. Nf3 Nc6 3. Bc4 Nf6 4. Ng5 d5 5. exd5 Na5 6. Qe2 Bd6 7. c3 O-O 8. b4 Nxc4 9. Qxc4 Nd7 10. d4 Nb6 11. Qd3 f5 12. Ne6 Bxe6 13. dxe6 e4 14. Qh3 Nd5 15. c4 Nxb4 16. Bd2 Nd3+ 17. Ke2 Bf4 18. Bxf4 Nxf4+ 19. Ke3 Nxh3 20. gxh3 Qg5+ 21. f4 exf3+ 22. Kxf3 f4 23. Nd2 Qf5 24. Rhe1 Qd3+ 25. Kf2 Qxd4+ 26. Ke2 f3+ 27. Nxf3 Qxc4+ 28. Kd2 Rxf3 29. Rac1 Qd3# {White checkmated} 0-1

[Event "FICS rated blitz game"]
[Site "FICS freechess.org"]
[FICSGamesDBGameNo "20002362"]
[White "TheElusive"]
[Black "redivan"]
[WhiteElo "1611"]
[BlackElo "1707"]
[WhiteRD "na"]
[BlackRD "na"]
[TimeControl "180+2"]
[Date "1999.10.06"]
[Time "21:16:00"]
[WhiteClock "0:03:00.000"]
[BlackClock "0:03:00.000"]
[ECO "C64"]
[PlyCount "27"]
[Result "0-1"]

1. e4 e5 2. Nf3 Nc6 3. Bb5 Bc5 4. c3 f5 5. d3 Nf6 6. O-O d6 7. Bg5 O-O 8. b4 Bb6 9. a4 fxe4 10. dxe4 a6 11. Bc4+ Kh8 12. Nh4 Qe8 13. Nf5 Nxe4 14. Qf3 {White resigns} 0-1

[Event "FICS rated lightning game"]
[Site "FICS freechess.org"]
[FICSGamesDBGameNo "20002361"]
[White "knightvision"]
[Black "sider"]
[WhiteElo "1759"]
[BlackElo "1652"]
[WhiteRD "na"]
[BlackRD "na"]
[TimeControl "60+0"]
[Date "1999.10.06"]
[Time "20:37:00"]
[WhiteClock "0:01:00.000"]
[BlackClock "0:01:00.000"]
[ECO "D05"]
[PlyCount "101"]
[Result "1-0"]

1. d4 Nf6 2. e3 e6 3. Nf3 d5 4. Bd3 Bd7 5. O-O c5 6. c4 Nc6 7. cxd5 exd5 8. dxc5 Bxc5 9. Nc3 O-O 10. b3 a6 11. Bb2 Re8 12. Rc1 Bd6 13. Ne2 Ne5 14. Nxe5 Bxe5 15. Bxe5 Rxe5 16. Nd4 Bc6 17. Nxc6 bxc6 18. Rxc6 Ne4 19. Bxe4 dxe4 20. Qxd8+ Rxd8 21. Rfc1 h6 22. Rxa6 Rc5 23. Re1 Rc3 24. h3 Rc2 25. a4 Rdd2 26. Rf1 f5 27. Rb6 f4 28. exf4 e3 29. Re6 e2 30. Re1 Rd1 31. Rxe2 Rxe1+ 32. Rxe1 Rb2 33. Re3 Kf7 34. a5 Kf6 35. a6 Ra2 36. g4 Rxa6 37. h4 Rb6 38. Kg2 Rb4 39. Kg3 g6 40. g5+ hxg5 41. hxg5+ Kf5 42. f3 Rb5 43. Rc3 Rd5 44. Rc4 Ke6 45. b4 Rb5 46. Re4+ Kf7 47. Kg4 Rf5 48. Rc4 Rb5 49. Rc7+ Ke6 50. Rc4 Kf7 51. Rd4 {Black forfeits on time} 1-0